 Dungeon Crawl Stone Soup version 0.18-a0-1805-g8ab820f (webtiles) character file.

17 varam the Sneak (level 2, 5/13 HPs)
             Began as a Spriggan Enchanter on Apr 26, 2016.
             Quit the game on level 2 of the Dungeon.
             The game lasted 00:02:14 (1168 turns).

varam the Sneak (Spriggan Enchanter)                Turns: 1168, Time: 00:02:14

Health: 5/13       AC:  3    Str:  4    XL:     2   Next: 44%
Magic:  1/6        EV: 18    Int: 16    God:
Gold:   38         SH:  0    Dex: 16    Spells: 2 memorised, 3 levels left

rFire  . . .     SeeInvis +     a - +1 dagger
rCold  . . .     Gourm    .     b - +1 robe
rNeg   . . .     Faith    .     (shield restricted)
rPois  .         Spirit   .     (helmet restricted)
rElec  .         Dismiss  .     (no cloak)
rCorr  .         Reflect  .     (gloves unavailable)
SustAt .         Harm     .     (boots unavailable)
MR     .....                    (no amulet)
Stlth  +++.......               (no ring)
                                (no ring)

@: very slightly contaminated, very quick, not resistant to hostile
enchantments, fairly stealthy
A: unfitting armour, see invisible, herbivore 3, speed 3, slow metabolism 2
a: no special abilities


You were on level 2 of the Dungeon.
You were not hungry.

You visited 1 branch of the dungeon, and saw 2 of its levels.

You collected 38 gold pieces.

Inventory:

Hand Weapons
 a - a +1 dagger (weapon)
Armour
 b - a +1 robe (worn)
Scrolls
 e - a scroll of enchant armour {unknown}
 f - 3 scrolls of random uselessness {unknown}
 g - a scroll of teleportation {unknown}
Potions
 h - 2 potions of haste {unknown}
 i - 2 potions of cancellation {unknown}
Books
 c - a book of Maledictions

   Spells                             Type                      Level
   a - Corona                         Hexes                        1
   b - Ensorcelled Hibernation        Hexes/Ice                    2
   c - Confuse                        Hexes                        3
   d - Tukima's Dance                 Hexes                        3
   e - Dazzling Spray                 Conjuration/Hexes            3
Comestibles
 d - a bread ration


   Skills:
 + Level 2.3 Short Blades
 - Level 3.0 Dodging
 + Level 4.9 Stealth
 - Level 2.6 Spellcasting
 - Level 3.6 Hexes


You had 3 spell levels left.
You knew the following spells:

 Your Spells              Type           Power        Failure   Level  Hunger
a - Ensorcelled Hibernat  Hex/Ice        #.....       17%         2    ##.....
b - Corona                Hex            ##.....      6%          1    #......


Dungeon Overview and Level Annotations

Branches:
Dungeon (2/15)

Altars:

Annotations:
D:2 Ijyb, Terence


Innate Abilities, Weirdness & Mutations

You are tiny and cannot use many weapons and most armour.
You have supernaturally acute eyesight.
You are a herbivore.
You cover ground extremely quickly.
You need consume almost no food.


Message History

You hit Ijyb but do no damage.
Ijyb is heavily wounded.
Ijyb closely misses you. The goblin barely misses you.
You barely miss Ijyb.
Ijyb is heavily wounded.
Ijyb hits you but does no damage. The goblin barely misses you.
You hit Ijyb but do no damage.
Ijyb is heavily wounded.
Ijyb screams, "Me stronger than you!" Ijyb closely misses you.
The goblin misses you.
You hit Ijyb but do no damage.
Ijyb is heavily wounded.
Ijyb screams, "Me stronger than you!" Ijyb completely misses you.
The goblin closely misses you.
You hit Ijyb.
Ijyb is severely wounded.
Ijyb barely misses you. The goblin misses you.
There is a stone staircase leading up here.
Are you sure you want to abandon this character and quit the game? (Confirm with "yes".)

#.... ♣♣##
+.... ..#.
##... # .....
#...# .# ....
#...##..#
#...+.......
#..#....#
#....@..#
#..g.g..#
#...........
###.###.#....
#. .# ##. #.
.# .. # .# #.


You could see Ijyb and a goblin.

Vanquished Creatures
  A dart slug (D:1)
  A giant gecko (D:1)
  A ball python (D:1)
  2 bats (D:1)
  2 goblins (D:1)
  A hobgoblin (D:1)
  3 kobolds (D:1)
  2 giant newts (D:1)
  2 rats (D:1)
15 creatures vanquished.

Notes
Turn   | Place    | Note
--------------------------------------------------------------
     0 | D:1      | varam the Spriggan Enchanter began the quest for the Orb.
     0 | D:1      | Reached XP level 1. HP: 9/9 MP: 5/5
   363 | D:1      | Reached XP level 2. HP: 13/13 MP: 4/6
   367 | D:1      | Learned a level 2 spell: Ensorcelled Hibernation
  1120 | D:2      | Noticed Terence
  1145 | D:2      | Noticed Ijyb
  1153 | D:2      | Paralysed by Ijyb for 2 turns
  1168 | D:2      | Quit the game

Vault maps used:
D:1:      scummos_arrival_checkerplants, lemuel_flame_loot_1
D:2:      grunt_decor_resistance, kennysheep_generic_room_9, uniq_iyjb,
          uniq_robin, uniq_crazy_yiuf_cottage, uniq_terence

Skill      XL: |  1  2 |
---------------+-------+-----
Short Blades   | 2 |  2.3
Dodging        | |  3.0
Stealth        | |  4.9
Spellcasting   | |  2.6
Hexes          | |  3.6

Action                   || total
-------------------------++-------
Melee: Dagger            ||    54
 Cast: Corona            ||     3
       Ensorcelled Hiber ||     7
 Stab: Sleeping          ||     7
Armor: Robe              ||     9
Dodge: Dodged            ||    58
